 Dungeon Crawl Stone Soup version 0.31-a0-880-g9a209b2425 (webtiles) character file.

Game seed: 12027854510795569686

148693 Salticidae the Spry (level 16, -5/72 (76) HPs)
             Began as a Felid Shapeshifter on Oct 14, 2023.
             Was the Champion of Wu Jian.
             Slain by a pharaoh ant (7 damage)
             ... on level 2 of the Spider Nest on Oct 15, 2023.
             The game lasted 02:15:07 (25849 turns).

Salticidae the Spry (Felid Shapeshifter)           Turns: 25849, Time: 02:15:07

HP:   -5/72 (76)    AC:  3    Str: 14    XL:     16   Next: 94%
MP:   21/21         EV: 36    Int: 11    God:    Wu Jian [******]
Gold: 1313          SH:  0    Dex: 21    Spells: 18/20 levels left
                                        Lives: 0   Deaths: 6

rFire   . .          .
                       - Unarmed
rCold   + + .        (shield unavailable)
rNeg    . . .        (body armour unavailable)
rPois   .            (helmet unavailable)
rElec   .            (cloak unavailable)
rCorr   +            (gloves unavailable)
SInv    +            (boots unavailable)
Will    ++...        F - amulet of regeneration
Stlth   +++++        i - ring "Koutzoiw" {Fly rCorr Str+4 Int-3}
HPRegen 1.12/turn    Z - ring of Dosow {rC+ rCorr Slay+4}
MPRegen 0.17/turn

%: no passive effects
@: blade hands, flying, drained, quick
A: very small, (claws 1), fangs 3, see invisible, speed 1, shaggy fur 3,
(stealthy paws), no weapons or thrown items, no armour, multi-lived
a: Begin Untransformation, Renounce Religion, Wall Jump, Serpent's Lash,
Heavenly Storm


You were on level 2 of the Spider Nest.
You worshipped Wu Jian.
Wu Jian was exalted by your worship.
You had blades for front paws.
You visited 5 branches of the dungeon, and saw 25 of its levels.
You also visited: Ice Cave.

You collected 3398 gold pieces.
You spent 2085 gold pieces at shops.

Inventory:

Jewellery
 i - the ring "Koutzoiw" (left blade hand) {Fly rCorr Str+4 Int-3}
   (You found it on level 2 of the Dungeon)

   [ring of flight]

   Str+4:     It affects your strength (+4).
   Int-3:     It affects your intelligence (-3).
   Fly:       It grants you flight.
   rCorr:     It protects you from acid and corrosion.
 w - a +4 ring of protection
 x - an amulet of faith
 y - a +6 ring of strength
 E - a ring of ice
 F - an amulet of regeneration (around neck)
 L - a ring of ice
 Q - a +6 ring of strength
 R - a ring of poison resistance
 X - a +6 ring of strength
 Y - a ring of fire
 Z - the ring of Dosow (right blade hand) {rC+ rCorr Slay+4}
   (You bought it in a shop on level 2 of the Orcish Mines)

   [ring of protection from cold]

   Slay+4:    It affects your accuracy & damage with ranged weapons and melee
   (+4).
   rC+:       It protects you from cold.
   rCorr:     It protects you from acid and corrosion.
Talismans
 b - a beast talisman
 c - a flux talisman
 P - a blade talisman (active)
 S - a serpent talisman
 U - a dragon-blood talisman
Wands
 v - a wand of mindburst (7)
 z - a wand of flame (39)
 C - a wand of roots (28)
 D - a wand of charming (34)
 I - a wand of acid (12)
 O - a wand of digging (8)
Scrolls
 e - 3 scrolls of poison
 m - a scroll of torment
 o - 12 scrolls of teleportation
 p - 3 scrolls of revelation
 s - 3 scrolls of immolation
 t - a scroll of identify
 u - 2 scrolls of butterflies
 A - 2 scrolls of blinking
 G - 3 scrolls of amnesia
 H - 5 scrolls of noise
 K - 5 scrolls of fog
 M - a scroll of vulnerability
 N - 4 scrolls of fear
 T - a scroll of silence
Potions
 a - a potion of might
 d - a potion of heal wounds
 f - 2 potions of ambrosia
 g - 3 potions of cancellation
 h - 5 potions of attraction
 j - 7 potions of curing
 k - 6 potions of enlightenment
 l - 2 potions of berserk rage
 n - 2 potions of magic
 q - 4 potions of brilliance
 r - 4 potions of haste
 B - a potion of lignification
 J - a potion of mutation
Miscellaneous
 V - a box of beasts (inert)
 W - a tin of tremorstones (2/2)


   Skills:
 + Level 12.3 Fighting
 - Level 20.2 Dodging
 - Level 12.2 Stealth
 * Level 16.8 Unarmed Combat
 - Level 2.8 Spellcasting
 - Level 7.0 Translocations
 + Level 11.9 Evocations
 * Level 14.0 Shapeshifting


You had 18 spell levels left.
You knew the following spells:

 Your Spells              Type           Power      Damage    Failure   Level
a - Blink                 Tloc           32%        N/A       2%          2

Your spell library contained the following spells:

 Spells                   Type           Power      Damage    Failure   Level
 Apportation              Tloc           32%        N/A       1%          1
 Lesser Beckoning         Tloc           32%        N/A       2%          2
 Momentum Strike          Conj/Tloc      18%        3d8       10%         2
 Passage of Golubria      Tloc           16%        N/A       16%         4
 Volatile Blastmotes      Fire/Tloc      18%        2d11      19%         3
 Foxfire                  Conj/Fire      4%         2x1d4     26%         1
 Freeze                   Ice            4%         1d3       26%         1
 Shock                    Conj/Air       4%         1d3       26%         1
 Slow                     Hex            4%         N/A       26%         1
 Sting                    Tmut/Pois      4%         1d3       26%         1
 Cigotuvi's Dreadful Rot  Necr/Pois/Air  2%         N/A       38%         2
 Jinxbite                 Hex            2%         N/A       38%         2
 Poisonous Vapours        Pois/Air       2%         N/A       38%         2
 Scorch                   Fire           2%         2d5       38%         2
 Static Discharge         Conj/Air       2%         2-3/arc   38%         2
 Confusing Touch          Hex            1%         N/A       63%         3
 Dazzling Flash           Conj/Hex       2%         N/A       63%         3
 Frozen Ramparts          Ice            2%         1d1       63%         3
 Hailstorm                Conj/Ice       1%         3d3       63%         3
 Inner Flame              Hex/Fire       1%         N/A       63%         3
 Sigil of Binding         Hex            1%         N/A       63%         3
 Swiftness                Air            1%         N/A       63%         3
 Vampiric Draining        Necr           1%         2d6       63%         3
 Airstrike                Air            0%         2d(1-17)  95%         4
 Anguish                  Hex/Necr       0%         N/A       95%         4
 Animate Dead             Necr           1%         N/A       95%         4
 Brom's Barrelling Bould  Conj/Erth      1%         2d3       95%         4
 Cause Fear               Hex            0%         N/A       95%         4
 Dispel Undead            Necr           1%         3d6       95%         4
 Olgreb's Toxic Radiance  Pois           1%         N/A       95%         4
 Summon Lightning Spire   Summ/Air       1%         N/A       95%         4
 Alistair's Intoxication  Tmut/Pois      0%         N/A       100%        5
 Silence                  Hex/Air        0%         N/A       100%        5
 Yara's Violent Unravell  Hex/Tmut       0%         3d3       100%        5
 Death Channel            Necr           0%         N/A       100%        6
 Eringya's Noxious Bog    Tmut/Pois      0%         4d6       100%        6
 Simulacrum               Ice/Necr       0%         N/A       100%        6
 Starburst                Conj/Fire      0%         6d3       100%        6
 Enfeeble                 Hex            0%         N/A       100%        7
 Haunt                    Necr/Summ      0%         N/A       100%        7
 Ozocubu's Refrigeration  Ice            0%         4d7       100%        7
 Infestation              Necr           0%         N/A       100%        8
 Lehudib's Crystal Spear  Conj/Erth      0%         10d2      100%        8
 Maxwell's Capacitive Co  Air            0%         ∞         100%        8
 Polar Vortex             Ice            0%         N/A       100%        9
 Shatter                  Erth           0%         3d5*      100%        9
 Animate Armour           Summ/Erth      Unusable   N/A       N/A         4

Dungeon Overview and Level Annotations

Branches:
Dungeon (15/15)            Temple (1/1) D:4            Lair (5/5) D:10
  Swamp (0/4) Lair:3       Spider (2/4) Lair:3        Slime (0/5) Lair:4
    Orc (2/2) D:9             Elf (0/3) Orc:2        Vaults (0/5) D:13
 Depths (0/4) D:15          IceCv (visited)

Altars:
Ashenzari
Cheibriados
Dithmenos
Elyvilon
Fedhas
Gozag
Hepliaklqana
Kikubaaqudgha
Makhleb
Nemelex Xobeh
Okawaru
Qazlal
Ru
Sif Muna
Trog
Uskayaw
Vehumet
Wu Jian
Xom
Yredelemnul
Zin
The Shining One

Shops:
D:3 *   D:9 *   D:12 :   D:14 :   Orc:2 *[=*


Innate Abilities, Weirdness & Mutations

You have blades for front paws.
((You have sharp claws.))
You have razor-sharp teeth.
You have supernaturally acute eyesight. (SInv)
You cover ground quickly. (Speed+)
Your thick and shaggy fur keeps you warm. (AC +3, rC+)
((Your paws help you pounce on unaware monsters.))
You are incapable of wielding weapons or throwing items.
You cannot wear armour.
You gain extra lives every three experience levels.


Message History

The wolf spider completely misses you. The wolf spider barely misses you.
The pharaoh ant completely misses you.
You see here a wolf spider corpse.
You spin and attack the moth of wrath.
You slice the moth of wrath!!
The moth of wrath is heavily wounded.
Your juvenile stingweird beast stings the pharaoh ant from afar.
The moth of wrath completely misses you.
Unknown command.
You spin and attack the wolf spider.
You slash the wolf spider!
The wolf spider is severely wounded.
You spin and attack the moth of wrath.
You slice the moth of wrath!! You bite the moth of wrath!
The moth of wrath is almost dead.
The wolf spider misses you. x2
The moth of wrath goads the wolf spider on!
The wolf spider goes berserk!
You spin and attack the wolf spider.
You slice the wolf spider!! Your bite misses the wolf spider.
The wolf spider is almost dead.
The wolf spider barely misses you. The wolf spider bites you!!
* * * LOW HITPOINT WARNING * * *
You are lethally poisoned!
The wolf spider poisons you! The wolf spider barely misses you.
The wolf spider completely misses you.
The moth of wrath angrily waves its antennae.
You feel better. The wolf spider misses you. x2
The pharaoh ant completely misses you. The wolf spider hits you!
The wolf spider completely misses you.
Your juvenile stingweird beast closely misses the pharaoh ant.
You shred the wolf spider!!!
You kill the wolf spider!
The Council accepts your kill. The pharaoh ant completely misses you.
Unknown command.
You spin and attack the pharaoh ant.
You slice the pharaoh ant!!
The pharaoh ant is severely damaged.
The pharaoh ant bites you!!
* * * LOW HITPOINT WARNING * * *
You feel drained.
You die...

#....#....## #.......#
#......#..^# #####.....##
##...B##...####^##.......##
##.†#####†.##..^#.......^#
#.ys.# #^..#.....#.....##
#....# ##.)#.H...###....#
........# ##..#y.†##......#
.......## #.).B.##....^.##
.....### ##.@###..†..####
...... #### #.....#..## ##
.#..$. #..#.##...###.
s..... #..###....##..
....... ##.^.......##^
##.†..##...## ##.#####....
### ###.. ##.


You could see a moth of wrath, a pharaoh ant (ally target) and a friendly
juvenile stingweird beast (summoned).

Vanquished Creatures
  Kirke (Lair:5)
  A frost giant (D:15)
  2 orc warlords (Orc:2)
  A broodmother (Spider:2)
  Nessos (Lair:5)
  The ghost of Cuthed the Spear-Bearer, a journeyman OpCK of Hepliaklqana (D:14)
  Azrael (D:14)
  The ghost of Talonman3 the Summoner, a journeyman BaSu of Gozag (Lair:4)
  3 ettins (D:12)
  An entropy weaver (Spider:1)
  3 deep elf high priests (D:12)
  A fire dragon (D:12)
  A rakshasa (D:14)
  3 vault guards (D:13)
  2 catoblepae
  A death knight (D:13)
  3 hydras
  A yaktaur captain (D:12)
  2 ice dragons
  A jorogumo (Spider:2)
  2 radroaches
  5 boulder beetles
  3 two-headed ogres (Orc:2)
  9 centaur warriors
  4 dancing weapons (D:14)
  6 death yaks
  4 tengu warriors
  A death scarab (Spider:2)
  2 demonic crawlers (Spider:1)
  4 orc high priests (Orc:2)
  2 skysharks (Lair:5)
  6 skeletal warriors
  2 pharaoh ants
  2 orb spiders
  A bog body (Lair:3)
  A steelbarb worm (Spider:2)
  4 deep elf pyromancers
  5 orc knights (Orc:2)
  4 orc sorcerers (Orc:2)
  13 wolf spiders
  10 cyclopes
  3 moths of wrath
  5 oklob plants
  32 ugly things
  A manticore (D:10)
  9 black mambas
  A guardian serpent (Lair:5)
  2 elephants
  7 torpor snails
  13 cane toads
  A gargoyle (D:9)
  8 komodo dragons
  12 rime drakes
  A rime drake (shapeshifter) (D:14)
  An unseen horror (D:12)
  A yaktaur (D:15)
  8 hornets
  3 meliai (Spider:2)
  7 polar bears
  6 trolls
  14 tarantellas
  13 blink frogs
  3 tyrant leeches (Lair:5)
  17 jumping spiders
  2 shadows
  4 wraiths
  5 slime creatures
  15 culicivoras
  A culicivora (shapeshifter) (D:15)
  3 hogs (Lair:5)
  Sigmund (D:6)
  10 humans
  22 wyverns
  3 basilisks
  31 yaks
  3 fire elementals (D:14)
  9 vampire mosquitoes
  2 steam dragons
  6 wargs
  37 redbacks
  A harpy simulacrum (IceCv)
  4 hell hounds (D:14)
  Edmund (D:4)
  An acid dragon (shapeshifter) (D:14)
  2 acid dragons
  18 water moccasins
  42 orc warriors
  3 sky beasts (D:6)
  2 ice beasts (D:7)
  3 black bears
  18 ogres
  14 wolves
  16 centaurs
  A phantom (D:4)
  2 kobold brigands
  2 gnoll sergeants
  17 bullfrogs
  2 cane toad simulacra (IceCv)
  6 scorpions
  6 wights
  2 electric eels (Spider:2)
  7 howler monkeys
  5 hounds
  35 orc priests
  2 gnoll boudas (D:7)
  A jelly (D:5)
  4 sleepcaps
  8 iguanas
  Natasha (thrice) (D:3)
  24 orc wizards
  A hell rat (Lair:4)
  A wolf simulacrum (IceCv)
  8 adders
  8 gnolls
  A white imp (D:5)
  2 ufetubi (D:5)
  3 worms
  A dart slug (D:2)
  95 orcs
  8 ball pythons
  6 bats
  10 endoplasms
  3 giant cockroaches
  5 goblins
  5 hobgoblins
  4 jackals (D:3)
  4 kobolds
  5 quokkas
  2 frilled lizards
  2 rats (D:2)
  A butterfly (Lair:3)
870 creatures vanquished.

Vanquished Creatures (collateral kills)
  A radroach (Spider:1)
  2 redbacks (Spider:1)
3 creatures vanquished.

Vanquished Creatures (others)
  A human (Lair:5)
  A howler monkey (D:6)
  An orc (D:9)
3 creatures vanquished.

Grand Total: 876 creatures vanquished

Notes
Turn   | Place    | Note
-------+----------+-------------------------------------------
     0 | D:1      | Salticidae the Felid Shapeshifter began the quest for the
                  | Orb.
     0 | D:1      | Reached XP level 1. HP: 9/9 MP: 2/2
   331 | D:1      | Reached XP level 2. HP: 11/12 MP: 3/3
   578 | D:1      | Reached XP level 3. HP: 13/15 MP: 4/4
  1110 | D:2      | Identified the ring "Koutzoiw" {Fly rCorr Str+4 Int-3}
  1121 | D:2      | Found a burning altar of Makhleb.
  1131 | D:2      | Reached skill level 3 in Dodging
  1131 | D:2      | Reached skill level 1 in Stealth
  1323 | D:2      | Reached XP level 4. HP: 16/19 MP: 5/5
  1581 | D:3      | Found a faded altar of an unknown god.
  1648 | D:3      | Found Efodghoj's General Store.
  1659 | D:3      | Bought a scroll of identify for 22 gold pieces
  1659 | D:3      | Bought a scroll of identify for 22 gold pieces
  1731 | D:3      | Noticed Natasha
  1736 | D:3      | Killed Natasha
  2145 | D:3      | Noticed Natasha
  2158 | D:3      | Killed Natasha
  2359 | D:3      | Noticed Natasha
  2366 | D:3      | Killed Natasha
  2367 | D:3      | Reached XP level 5. HP: 22/22 MP: 6/6
  2567 | D:4      | Noticed an ogre
  2647 | D:4      | Noticed a phantom
  2665 | D:4      | Killed a phantom
  2741 | D:4      | Reached skill level 5 in Unarmed Combat
  2741 | D:4      | Gained mutation: You are covered in thick fur. (AC +2)
                  | [Felid growth]
  2741 | D:4      | Reached XP level 6. HP: 27/27 MP: 7/7
  2846 | D:4      | Noticed Edmund
  2876 | D:4      | Slain by Edmund
  3082 | D:4      | Reached skill level 4 in Dodging
  3275 | D:4      | Found a staircase to the Ecumenical Temple.
  3288 | Temple   | Entered the Ecumenical Temple
  3295 | Temple   | Became a worshipper of the Wu Jian Council
  3318 | D:4      | Got an embossed book
  3389 | D:4      | Killed Edmund
  3390 | D:4      | Reached XP level 7. HP: 14/31 MP: 8/8
  3626 | D:5      | Entered Level 5 of the Dungeon
  3687 | D:5      | Reached skill level 5 in Dodging
  4263 | D:5      | Reached XP level 8. HP: 33/35 MP: 9/9
  4348 | D:5      | Reached skill level 5 in Stealth
  4348 | D:5      | Reached skill level 5 in Shapeshifting
  4577 | D:6      | Noticed Sigmund
  4592 | D:6      | Killed Sigmund
  4645 | D:6      | Reached skill level 6 in Dodging
  4875 | D:6      | Found a hazy altar of Hepliaklqana.
  4878 | D:6      | Reached * piety under Wu Jian
  5224 | D:6      | Killed from afar by a steam dragon
  5326 | D:6      | Reached XP level 9. HP: 35/39 MP: 10/10
  5573 | D:6      | Reached skill level 7 in Dodging
  5588 | D:6      | Reached skill level 5 in Fighting
  6937 | D:7      | Reached ** piety under Wu Jian
  7008 | D:7      | Reached skill level 8 in Dodging
  7265 | D:8      | Reached XP level 10. HP: 6/45 MP: 11/11
  8093 | D:9      | Reached skill level 10 in Unarmed Combat
  8096 | D:9      | Found a staircase to the Orcish Mines.
  8117 | D:9      | Reached *** piety under Wu Jian
  8373 | D:9      | Found Jeqocu's Assorted Antiques.
  8378 | D:9      | Bought a sedimented golden potion for 33 gold pieces
  8378 | D:9      | Bought a tapered copper wand for 148 gold pieces
  8383 | D:9      | Identified a scroll of acquirement
  8384 | D:9      | Acquired a manual of Dodging
  8407 | D:9      | Noticed a gargoyle
  8407 | D:9      | Noticed a green ugly thing
  8407 | D:9      | Noticed a cyclops
  8453 | D:9      | Noticed a tengu warrior
  8453 | D:9      | Noticed a skeletal warrior
  8453 | D:9      | Noticed a cyclops
  8578 | D:9      | Noticed a white ugly thing
  8637 | D:9      | Killed a tengu warrior
  8638 | D:9      | Reached skill level 10 in Dodging
  8668 | D:9      | Noticed a cyclops
  8688 | D:9      | Killed a gargoyle
  8722 | D:9      | Killed a cyclops
  8755 | D:9      | Reached skill level 11 in Dodging
  8792 | D:9      | Killed a cyclops
  8793 | D:9      | Reached XP level 11. HP: 39/49 MP: 12/12
  8882 | D:9      | Killed a green ugly thing
  8935 | D:9      | Killed a white ugly thing
  8936 | D:9      | Reached skill level 12 in Dodging
  9066 | D:10     | Entered Level 10 of the Dungeon
  9252 | D:10     | Found a staircase to the Lair.
  9258 | D:10     | Reached skill level 13 in Dodging
  9378 | D:10     | Reached skill level 10 in Stealth
  9574 | D:11     | Noticed a white ugly thing
  9578 | D:11     | Killed a white ugly thing
  9579 | D:11     | Reached skill level 1 in Evocations
  9945 | D:12     | Reached skill level 14 in Dodging
 10094 | D:12     | Noticed a walking divine tome
 10096 | D:12     | Found Syxki Rasch's Book Shoppe.
 10099 | D:12     | Noticed a walking divine tome
 10171 | D:12     | Found a frozen archway.
 10172 | D:12     | Noticed an ice dragon
 10194 | D:12     | Killed an ice dragon
 10200 | D:12     | Reached **** piety under Wu Jian
 10207 | D:12     | Reached skill level 15 in Dodging
 10245 | IceCv    | Entered an ice cave
 10245 | IceCv    | Noticed a white ugly thing
 10248 | IceCv    | Found a transporter.
 10249 | IceCv    | Killed a white ugly thing
 10249 | IceCv    | Gained mutation: Your thick and shaggy fur keeps you warm.
                  | (AC +3, rC+) [Felid growth]
 10249 | IceCv    | Reached XP level 12. HP: 31/55 MP: 13/13
 10266 | IceCv    | Found a transporter.
 10471 | D:12     | Noticed an ettin
 10471 | D:12     | Noticed an ettin
 10471 | D:12     | Noticed a deep elf high priest
 10472 | D:12     | Found a runed translucent door.
 10474 | D:12     | Noticed a deep elf high priest
 10474 | D:12     | Noticed an ettin
 10474 | D:12     | Noticed a fire dragon
 10474 | D:12     | Noticed a deep elf high priest
 10474 | D:12     | Noticed a yaktaur captain
 10837 | Lair:1   | Entered Level 1 of the Lair of Beasts
 10954 | Lair:1   | Reached skill level 5 in Evocations
 11009 | Lair:1   | Reached skill level 16 in Dodging
 12047 | Lair:2   | Noticed a death yak
 12047 | Lair:2   | Noticed a death yak
 12047 | Lair:2   | Noticed a death yak
 12047 | Lair:2   | Noticed a death yak
 12047 | Lair:2   | Noticed a death yak
 12047 | Lair:2   | Noticed a death yak
 12048 | Lair:2   | Killed a death yak
 12059 | Lair:1   | Killed a death yak
 12174 | Lair:2   | Reached skill level 17 in Dodging
 12299 | Lair:2   | Reached ***** piety under Wu Jian
 12679 | Lair:2   | Killed a death yak
 12761 | Lair:2   | Killed a death yak
 12922 | Lair:2   | Killed a death yak
 12934 | Lair:2   | Killed a death yak
 12934 | Lair:2   | Reached XP level 13. HP: 10/60 MP: 14/14
 13177 | Lair:3   | Found a hole to the Spider Nest.
 13204 | Lair:3   | Reached skill level 18 in Dodging
 13261 | Lair:3   | Got a glistering book
 13353 | Lair:3   | Found a staircase to the Swamp.
 14172 | Lair:4   | Found a transporter.
 14183 | Lair:4   | Noticed Talonman3's ghost (journeyman BaSu)
 14215 | Lair:4   | Found a transporter.
 14798 | Lair:4   | Found a staircase to the Slime Pits.
 15027 | Lair:4   | Reached skill level 19 in Dodging
 15361 | Lair:4   | Killed Talonman3's ghost
 15484 | Lair:5   | Entered Level 5 of the Lair of Beasts
 15920 | Lair:5   | Reached XP level 14. HP: 50/65 MP: 15/15
 16118 | Lair:5   | Reached skill level 10 in Fighting
 16213 | Lair:5   | Noticed Kirke
 16229 | Lair:5   | Killed Kirke
 16504 | Lair:5   | Reached skill level 10 in Shapeshifting
 16733 | Lair:5   | Noticed Nessos
 16750 | Lair:5   | Killed Nessos
 16952 | Lair:5   | Found a runed translucent door.
 16958 | Lair:5   | Reached skill level 20 in Dodging
 17040 | Lair:5   | Paralysed by a hornet for 2 turns
 17046 | Lair:5   | Slain by a hornet
 17046 | Lair:5   | Paralysed by a hornet for 3 turns
 17475 | Orc:1    | Entered Level 1 of the Orcish Mines
 17609 | Orc:2    | Entered Level 2 of the Orcish Mines
 18463 | Orc:2    | Reached ****** piety under Wu Jian
 18538 | Orc:2    | Noticed an orc warlord
 18548 | Orc:2    | Killed an orc warlord
 18765 | Orc:2    | Found a staircase to the Elven Halls.
 19587 | Orc:2    | Found Pailu's Assorted Antiques.
 19593 | Orc:2    | Noticed an orc warlord
 19608 | Orc:2    | Killed an orc warlord
 19650 | Orc:2    | Reached XP level 15. HP: 70/70 MP: 16/16
 19668 | Orc:2    | Found Rixeos's Antique Armour Boutique.
 19842 | Orc:2    | Bought a potion of heal wounds for 140 gold pieces
 19842 | Orc:2    | Bought an agate ring for 140 gold pieces
 20088 | Orc:2    | Reached skill level 10 in Evocations
 20163 | Orc:2    | Found Inougeg's Assorted Antiques.
 20176 | Orc:2    | Bought a scroll of identify for 54 gold pieces
 20176 | Orc:2    | Bought a scroll of identify for 54 gold pieces
 20176 | Orc:2    | Bought a scroll of blinking for 202 gold pieces
 20224 | Orc:2    | Found Secvitu's Jewellery Shoppe.
 20297 | Orc:2    | Upgraded the game from 0.31-a0-876-gfe8ebadbca to
                  | 0.31-a0-880-g9a209b2425
 20781 | D:13     | Found a gate to the Vaults.
 20908 | D:13     | Reached skill level 15 in Unarmed Combat
 21035 | D:13     | Slain by a catoblepas
 21196 | D:12     | Shot with a bolt by a yaktaur captain
 21649 | D:14     | Learned a level 2 spell: Blink
 21734 | D:14     | Reached skill level 1 in Translocations
 22160 | D:14     | Found Wayhuabb's Book Shoppe.
 22266 | D:14     | Reached skill level 1 in Spellcasting
 22533 | D:14     | Found a large runed translucent door.
 22533 | D:14     | Found a large runed translucent door.
 22545 | D:14     | Reached XP level 16. HP: 37/75 MP: 17/19
 22605 | D:14     | Noticed Azrael
 22652 | D:14     | Killed Azrael
 22800 | D:14     | Found a runed translucent door.
 22800 | D:14     | Noticed Cuthed's ghost (journeyman OpCK)
 22807 | D:14     | Killed Cuthed's ghost
 22966 | Orc:2    | Bought a ring of fire for 400 gold pieces
 22966 | Orc:2    | Bought the ring of Dosow {rC+ rCorr Slay+4} for 870 gold
                  | pieces
 23135 | D:15     | Entered Level 15 of the Dungeon
 23524 | D:15     | Reached skill level 5 in Translocations
 24028 | D:15     | Found a staircase to the Depths.
 24343 | Spider:1 | Entered Level 1 of the Spider Nest
 24467 | Spider:1 | Annihilated by a radroach
 24609 | Spider:1 | Identified the +1 chain mail of Dogma {rN+}
 25849 | Spider:2 | HP: 2/76 [pharaoh ant (23)]
 25849 | Spider:2 | Slain by a pharaoh ant

Illustrated notes

Levels and vault maps discovered:
D:1:      elethiomel_arrival_maze, layout_basic
D:2:      layout_basic, basic_altar
D:3:      layout_loops_cross, hellmonk_ecumenical_altar_dog_temple,
          serial_shops, nicolae_shop_tiny_statue_garden, uniq_natasha
D:4:      layout_loops_cross, minmay_temple_entry_drinking_statues, uniq_edmund
D:5:      layout_loops_ring, minmay_pentangle
D:6:      minmay_polygon_palace, layout_cave_pools,
          mainiacjoe_overflow_alcove_2, dk_rats_in_the_wall, uniq_sigmund
D:7:      layout_cave_pools, serial_gnoll_camp, gnoll_camp_mini_loothouse,
          gnoll_camp_mini_hut, gnoll_camp_mini_hut, gnoll_camp_mini_house,
          gnoll_camp_mini_hut, minmay_misc_feat_more_columns,
          minmay_diced_spiral
D:8:      layout_loops_corners
D:9:      layout_roguey, erik_orc_4, serial_shops, shop, minivault_28
D:10:     layout_rooms, david_lair_generic, kennysheep_decorative_pillar
D:11:     wander_river, layout_rooms
D:12:     minmay_gate_of_8, layout_irregular_city, serial_shops,
          nicolae_shop_mannequins, portal_ice_cave_entry_animals_and_master
D:13:     layout_rooms, ximxim_vaults_locker_room, minmay_joined_circles
D:14:     doesnt_quadruple_sword, layout_cave_pods, serial_shops,
          kennysheep_mini, gammafunk_ghost_grave, uniq_azrael
D:15:     grunt_enter_depths_snipers, layout_basic
Temple:   compressed_dpeg_triangle_lava_temple
Lair:1:   minmay_lair_oklob_chamber, layout_regular_city
Lair:2:   hellmonk_destroyed_diamonds, layout_chaotic_city, grunt_megastairs_5
Lair:3:   layout_roguey, skrybe_swamp_entry_bodies,
          nicolae_spider_entry_lesser_pyramids, lemuel_fruit_fields,
          lemuel_fruit_tree, lemuel_fruit_fields
Lair:4:   layout_regular_city, minmay_slime_entry_oklob_enclosed,
          nzn_ghost_randoct, grunt_megastairs_1
Lair:5:   wormcave, layout_regular_city, hangedman_lair_tendril_chambers,
          st_stairs_3, minmay_lair_drake_nest, serial_bayou_shore_b, uniq_kirke,
          uniq_nessos
Spider:1: layout_spider_delve
Spider:2: layout_spider_delve
Orc:1:    layout_diamond_mine
Orc:2:    pubby_orc_utopia, serial_shops

Skill      XL: |  1  2  3  4  5  6  7  8  9 10 11 12 13 14 15 16 |
---------------+-------------------------------------------------+-----
Unarmed Combat | 4 5 6 7 9 11 12 13 14 15 16 | 16.8
Dodging        | 3 4 5 6 8 11 15 17 19 20 | 20.2
Stealth        | 1 2 3 4 6 7 9 10 11 12 | 12.2
Fighting       | 2 3 4 5 6 7 8 9 10 11 12 | 12.3
Shapeshifting  | 4 5 6 7 9 11 12 14 | 14.0
Evocations     | 4 7 8 9 10 11 | 11.9
Translocations | 3 7 |  7.0
Spellcasting   | 1 2 |  2.8

Action                     |  1- 3 |  4- 6 |  7- 9 | 10-12 | 13-15 | 16-18 || total
---------------------------+-------+-------+-------+-------+-------+-------++-------
  Melee: Unarmed           |    69 |   107 |   286 |   555 |  1476 |   521 ||  3014
         Bite              |     4 |     7 |    22 |    80 |   222 |    66 ||   401
         Punch             |       |     3 |    14 |    54 |   124 |    68 ||   263
 Invoke: Serpent's Lash    |       |       |       |    10 |    28 |     3 ||    41
         Heavenly Storm    |       |       |       |       |     2 |       ||     2
Ability: Lunge             |       |       |    50 |    77 |   181 |    58 ||   366
         Whirlwind         |       |       |     8 |   173 |   476 |   142 ||   799
         Wall Jump         |       |       |     1 |     2 |     5 |     2 ||    10
  Evoke: Wand              |       |       |     2 |       |       |       ||     2
         Box of beasts     |       |       |       |       |       |     2 ||     2
    Use: Scroll            |       |     6 |       |    10 |    13 |     1 ||    30
         Potion            |       |     2 |       |     2 |     7 |     5 ||    16
   Stab: Sleeping          |     5 |     4 |    15 |    36 |    48 |    18 ||   126
         Distracted        |       |     1 |     4 |     3 |     8 |     3 ||    19
 Armour: Skin              |    12 |    33 |    57 |    86 |   250 |    84 ||   522
  Dodge: Dodged            |    53 |    63 |   153 |   324 |  1013 |   427 ||  2033
   Form: Flux              |       |       |       |       |     1 |       ||     1
         Blade             |       |       |       |       |     3 |       ||     3
         Beast             |       |       |       |       |     2 |       ||     2

Table legend: (Time is in decaauts)
 A = Elapsed time spent in this place.
 B = Non-inter-level travel time spent in this place.
 C = Inter-level travel time spent in this place.
 D = Time resting spent in this place.
 E = Time spent auto-exploring this place.
 F = Levels seen in this place.
 G = Mean time per level.
                   A        B        C        D        E       F      G
               +--------+--------+--------+--------+--------+-----+--------+
         Total |  21942 |  20603 |   1339 |   3326 |  10770 |  26 |  843.9 |
       Dungeon |  12386 |  11650 |    736 |   1525 |   6808 |  15 |  825.7 |
        Temple |     12 |      3 |      9 |      0 |      0 |   1 |   12.0 |
          Lair |   5654 |   5371 |    283 |   1036 |   2581 |   5 | 1130.8 |
   Spider Nest |   1239 |   1212 |     27 |      2 |    647 |   2 |  619.5 |
  Orcish Mines |   2602 |   2321 |    281 |    756 |    733 |   2 | 1301.0 |
      Ice Cave |     48 |     48 |      0 |      7 |      0 |   1 |   48.0 |
               +--------+--------+--------+--------+--------+-----+--------+

Top non-repeatable levels by time:
   Orc:2: 2257 daAuts
  Lair:5: 1573 daAuts
  Lair:4: 1433 daAuts
     D:6: 1350 daAuts
    D:14: 1204 daAuts
  Lair:1: 1121 daAuts
     D:4: 993 daAuts
     D:7: 956 daAuts
  Lair:2: 929 daAuts
    D:12: 927 daAuts
     D:9: 922 daAuts
     D:1: 876 daAuts
     D:3: 824 daAuts
    D:15: 811 daAuts
     D:5: 799 daAuts
